 Dungeon Crawl Stone Soup version 0.20-a0-1039-gf554463 (webtiles) character file.

2776 graki42 the Carver (level 9, 0/78 HPs)
             Began as a Minotaur Fighter on Apr 23, 2017.
             Was a Believer of Trog.
             Killed by vampiric draining
             ... invoked by a vampire
              (4 damage)
             ... on level 6 of the Dungeon.
             The game lasted 00:16:27 (6964 turns).

graki42 the Carver (Minotaur Fighter)               Turns: 6964, Time: 00:16:28

Health: 0/78       AC:  9    Str: 21    XL:     9   Next: 42%
Magic:  8/8        EV: 10    Int:  8    God:    Trog [**....]
Gold:   596        SH: 12    Dex: 10    Spells: 8/8 levels left

rFire    . . .     SeeInvis .   a - +1 long sword
rCold    . . .     Gourm    .   c - +1 shield
rNeg     . . .     Faith    .   b - +0 scale mail
rPois    .         Spirit   .   (helmet restricted)
rElec    .         Reflect  .   s - +0 cloak
rCorr    .         Harm     .   (no gloves)
MR       ++...                  (no boots)
Stlth    ..........             (no amulet)
Regen    1.3/turn               (no ring)
MPRegen  0.2/turn               (no ring)

@: exhausted, regenerating
A: retaliatory headbutt, horns 2
a: Berserk, Trog's Hand, Burn Spellbooks, Renounce Religion


You were on level 6 of the Dungeon.
You worshipped Trog.
Trog was pleased with you.
You were not hungry.

You visited 2 branches of the dungeon, and saw 8 of its levels.
You also visited: Sewer.

You collected 596 gold pieces.

Inventory:

Hand Weapons
 a - a +1 long sword (weapon)
Armour
 b - a +0 scale mail (worn)
 c - a +1 shield (worn)
 s - a +0 cloak (worn)
Jewellery
 y - a +2 ring of protection {unknown}
Wands
 C - a wand of scattershot (4/9)
Scrolls
 e - 3 scrolls of remove curse
 o - a scroll of teleportation
 v - a scroll of blinking
 w - 5 scrolls of recharging {unknown}
 x - 2 scrolls of magic mapping
 F - a scroll of enchant weapon
 G - a scroll of random uselessness {unknown}
 H - a scroll of immolation {unknown}
Potions
 d - 5 potions of might
 g - a potion of ambrosia
 i - 3 potions of lignification
 j - a potion of curing
 k - 2 potions of haste {unknown}
 l - a potion of brilliance {unknown}
 m - a potion of resistance
 n - 3 potions of heal wounds {unknown}
 p - a potion of degeneration
 r - a potion of agility
 t - 3 potions of magic
 z - 2 potions of flight {unknown}
 A - a potion of cancellation {unknown}
 D - a potion of berserk rage {unknown}
Books
 q - a book of Cantrips

   Spells                             Type                      Level
   a - Confusing Touch                Hexes                        1
   b - Animate Skeleton               Necromancy                   1
   c - Summon Small Mammal            Summoning                    1
   d - Apportation                    Translocation                1
   Trog disapproves of the use of such an item.
Comestibles
 f - 6 bread rations
 h - 4 royal jellies
 u - a fruit
 B - 3 chunks of flesh
 E - a meat ration


   Skills:
 + Level 6.8 Fighting
 + Level 9.6 Long Blades
 + Level 7.4 Armour
 + Level 3.9 Dodging
 + Level 1.0 Stealth
 + Level 8.3 Shields


You had 8 spell levels left.
You didn't know any spells.

Dungeon Overview and Level Annotations

Branches:
Dungeon (7/15)             Temple (1/1) D:6

Altars:
Ashenzari
Elyvilon
Fedhas
Hepliaklqana
Kikubaaqudgha
Nemelex Xobeh
Okawaru
Ru
Trog
Vehumet
Xom
Yredelemnul
The Shining One


Innate Abilities, Weirdness & Mutations

You reflexively headbutt those who attack you in melee.
You have a pair of horns on your head.


Message History

You feel yourself speed up. Something completely misses you.
Something bites you but does no damage.
You're too exhausted to go berserk.
You hit something. You headbutt something. You block something's attack.
Something bites you.
* * * LOW HITPOINT WARNING * * *
Something draws strength from your injuries!
Something hits you.
* * * LOW HITPOINT WARNING * * *
You block something's attack.
There is an open door here.
Evoke which item? (* to show all) (? for menu, Esc to quit)
Aiming: Scattershot (will waste charges)
Press: ? - help, Shift-Dir - straight line The burst of metal fragments hits the bush.
The burst of metal fragments hits something. x2
The bush is lightly damaged.
Evoking this partially-identified wand wasted a few charges.
Unholy energy fills the air.
You die...

....# #.#,,,,#.........#....#.#
....# #.#P...#.........#....#.#
....## #.#....#..[......#..(.#.#
.....# #.#P...#.........#....#.#
...(.# #.#....#.........#..).#.#
.....# #.#P...#.........#....#.#
###### #.#...P#.........#....#.#
#.#P...#.........#....#.#
#.#....{@.......)'....#.#
#########.#####################.#
..........................#....[#
.###################..##..#.#####
.# #.......#....##### .#
#.......#.#..#.... .#
#.......#.#..#.... .#
#.......#.##.#.... .#
#...≈≈§...##.#....


There were no monsters in sight!

Vanquished Creatures
  The ghost of Duffy the Martial Artist, a novice GnTm (D:6)
  Sigmund (D:3)
  A vampire mosquito (D:6)
  Menkaure (D:6)
  Duvessa (D:4)
  An ice beast (D:5)
  4 phantoms
  2 centaurs
  Blork the orc (D:6)
  3 bullfrogs
  Dowan (D:4)
  2 scorpions (D:6)
  A wight (D:6)
  4 crimson imps
  2 hounds (D:4)
  A bullfrog skeleton (D:6)
  2 orc wizards
  An iguana (D:6)
  Natasha (thrice) (D:3)
  5 worker ants
  A hound skeleton (D:6)
  Robin (D:3)
  7 gnolls (D:4)
  6 river rats
  17 adders
  2 oozes
  3 adder skeletons
  3 worms
  2 dart slugs
  3 leopard geckos
  8 orcs
  5 bats
  8 giant cockroaches
  10 goblins
  14 hobgoblins
  11 jackals
  5 quokkas
  12 ball pythons
  9 frilled lizards
  6 kobolds
  33 rats
204 creatures vanquished.

Vanquished Creatures (others)
  3 bushes (D:6)
3 creatures vanquished.

Grand Total: 207 creatures vanquished

Notes
Turn   | Place    | Note
-------+----------+-------------------------------------------
     0 | D:1      | graki42 the Minotaur Fighter began the quest for the Orb.
     0 | D:1      | Reached XP level 1. HP: 19/19 MP: 0/0
   321 | D:1      | Reached XP level 2. HP: 20/27 MP: 1/1
   537 | D:2      | Reached skill level 3 in Long Blades
   537 | D:2      | Reached XP level 3. HP: 25/33 MP: 2/2
  1459 | D:3      | Reached XP level 4. HP: 31/40 MP: 3/3
  1496 | D:3      | Reached skill level 4 in Long Blades
  1610 | D:3      | Noticed Natasha
  1611 | D:3      | Noticed Robin
  1613 | D:3      | Noticed a phantom
  1652 | D:3      | Killed Natasha
  1652 | D:3      | Reached XP level 5. HP: 27/46 MP: 4/4
  1657 | D:3      | Killed Robin
  1675 | D:3      | Killed a phantom
  1675 | D:3      | Reached skill level 5 in Long Blades
  1675 | D:3      | Reached skill level 1 in Dodging
  1675 | D:3      | Reached skill level 5 in Shields
  1687 | D:3      | Noticed Natasha
  1694 | D:3      | Killed Natasha
  1694 | D:3      | Reached XP level 6. HP: 12/53 MP: 5/5
  1993 | D:3      | Noticed Sigmund
  2284 | D:3      | Killed Sigmund
  2641 | D:3      | Noticed Natasha
  2651 | D:3      | Killed Natasha
  2651 | D:3      | Reached skill level 6 in Long Blades
  2651 | D:3      | Reached skill level 5 in Armour
  2738 | D:4      | Reached XP level 7. HP: 54/60 MP: 6/6
  2842 | D:4      | Noticed Duvessa
  2845 | D:4      | Found a basalt altar of Yredelemnul.
  2846 | D:4      | Noticed Dowan
  3624 | D:4      | Killed Duvessa
  3624 | D:4      | Reached skill level 5 in Fighting
  3634 | D:4      | Killed Dowan
  4438 | D:4      | Reached skill level 7 in Long Blades
  4647 | D:5      | Entered Level 5 of the Dungeon
  4727 | D:5      | Reached XP level 8. HP: 68/68 MP: 7/7
  4943 | D:4      | Found a blossoming altar of Fedhas.
  5432 | D:6      | Found a shimmering altar of Xom.
  5438 | D:6      | Found an ancient bone altar of Kikubaaqudgha.
  5438 | D:6      | Found a sparkling altar of Nemelex Xobeh.
  5441 | D:6      | Found a shattered altar of Ashenzari.
  5441 | D:6      | Found a shimmering altar of Xom.
  5441 | D:6      | Found an ancient bone altar of Kikubaaqudgha.
  5465 | D:6      | Found a staircase to the Ecumenical Temple.
  5474 | Temple   | Entered the Ecumenical Temple
  5544 | Temple   | Became a worshipper of Trog the Wrathful
  5598 | D:6      | Noticed Duffy's ghost (novice GnTm)
  5619 | D:6      | Killed Duffy's ghost
  5619 | D:6      | Reached skill level 8 in Long Blades
  5619 | D:6      | Reached skill level 1 in Stealth
  5648 | D:6      | Found a glowing drain.
  5671 | Sewer    | Entered a sewer
  5956 | Sewer    | Reached * piety under Trog
  6105 | Sewer    | Reached XP level 9. HP: 58/75 MP: 8/8
  6391 | D:6      | Found a sacrificial altar of Ru.
  6498 | D:6      | Noticed Blork the orc
  6501 | D:6      | Noticed Menkaure
  6505 | D:6      | Killed Blork the orc
  6509 | D:6      | Killed Menkaure
  6509 | D:6      | Reached skill level 9 in Long Blades
  6866 | D:6      | Reached ** piety under Trog
  6962 | D:6      | HP: 2/78 [something (5)]
  6964 | D:6      | Killed from afar by a vampire

Vault maps used:
D:1:      minmay_arrival_five_plusses
D:3:      first_bread, uniq_robin, uniq_natasha, uniq_sigmund
D:4:      lemuel_upstairs_altar, old_standard_altar, uniq_duvessa
D:6:      minmay_klotski, nicolae_ru_sacrificial_ziggurat, doesnt_xom_only_xom,
          minmay_temple_entry_mist, portal_sewer_entry_a, minmay_misc_feat_rows,
          uniq_menkaure, uniq_blork_the_orc
D:7:      minitemple, dk_rats_in_the_wall
Temple:   dpeg_three_leaves_temple
Sewer:    sewer_minmay_w

Skill      XL: |  1  2  3  4  5  6  7  8  9 |
---------------+----------------------------+-----
Shields        | 4 5 6 7 8 |  8.3
Long Blades    | 3 4 5 6 7 8 9 |  9.6
Armour         | 4 5 6 7 |  7.4
Fighting       | 4 5 6 |  6.8
Dodging        | 1 2 3 |  3.9
Stealth        | 1 |  1.0

Action                   |  1- 3 |  4- 6 |  7- 9 || total
-------------------------+-------+-------+-------++-------
Melee: Long sword        |    95 |   154 |   355 ||   604
       Headbutt          |    15 |    21 |    63 ||    99
Invok: Trog's Hand       |       |       |     2 ||     2
       Berserk           |       |       |     1 ||     1
Evoke: Wand              |       |       |     1 ||     1
  Use: Scroll            |       |       |    16 ||    16
  Eat: Chunk             |     1 |     5 |    16 ||    22
Armor: Scale mail        |    38 |    85 |   138 ||   261
Dodge: Dodged            |    32 |    61 |   112 ||   205
Block: Shield            |    46 |    82 |   232 ||   360
       Rpst.: Long sword |     9 |    14 |    24 ||    47
